 Dungeon Crawl Stone Soup version 0.30-a0-760-g5a9884bb7c (webtiles) character file.

Game seed: 3789619625397577361

124 GuildmasterMusic the Shield-Bearer (level 4, -10/41 HPs)
             Began as a Minotaur Fighter on Feb 10, 2023.
             Engulfed by a cloud of flame (18 damage)
             ... on level 4 of the Dungeon.
             The game lasted 00:03:51 (2387 turns).

GuildmasterMusic the Shield-Bearer (MiFi)           Turns: 2387, Time: 00:03:52

Health: -10/41     AC: 10    Str: 22    XL:     4   Next: 81%
Magic:  3/3        EV:  7    Int:  5    God:
Gold:   149        SH:  4    Dex: 10    Spells: 3/3 levels left

rFire   . . .      SeeInvis .    a - +1 war axe
rCold   . . .      Faith    .    c - +0 buckler
rNeg    . . .      Spirit   .    i - +0 chain mail
rPois   .          Reflect  .    (helmet restricted)
rElec   .          Harm     .    e - +0 cloak
rCorr   .          Rampage  .    (no gloves)
Will    .....                    (no boots) Stlth
                                 (no amulet)
HPRegen 0.26/turn                (no ring)
MPRegen 0.08/turn                (no ring)

@: no status effects
A: horns 2, retaliatory headbutt
a: no special abilities


You were on level 4 of the Dungeon.
You visited 1 branch of the dungeon, and saw 4 of its levels.

You collected 149 gold pieces.

Inventory:

Hand Weapons
 a - a +1 war axe (weapon)
Missiles
 m - 2 boomerangs (quivered)
Armour
 c - a +0 buckler (worn)
 e - a +0 cloak (worn)
 i - a +0 chain mail (worn)
Scrolls
 g - a scroll of immolation
 h - a scroll of enchant weapon
 j - 2 scrolls of teleportation {unknown}
 l - a scroll of fog {unknown}
 p - 2 scrolls of identify {unknown}
Potions
 b - a potion of flight {unknown}
 d - a potion of might
 k - a potion of brilliance {unknown}
 n - a potion of attraction {unknown}
 o - a potion of degeneration {unknown}


   Skills:
 + Level 4.4 Fighting
 * Level 4.3 Axes
 + Level 4.4 Armour
 + Level 4.4 Shields


You had 3 spell levels left.
You didn't know any spells.
Your spell library was empty.

Dungeon Overview and Level Annotations

Branches:
Dungeon (4/15)
 Temple: D:4-7

Altars:

Shops:
D:3 *


Innate Abilities, Weirdness & Mutations

You have a pair of horns on your head.
You reflexively headbutt those who attack you in melee.


Message History

Where to? (Enter - D:3, ? - help)
What level of the Dungeon? (default 1, ? - help)
Things that are here:
a +0 club; a +0 whip; 5 stones
Items here: ( ))) [[[.
You see here 6 stones.
There is a stone staircase leading down here.
You climb downwards.
The orc shouts!
The ball python hisses angrily.
The hobgoblin shouts!
Found 14 gold pieces and a mace.
There is a stone staircase leading up here.
There are monsters nearby!
Blink to where?
Press: ? - help, Dir - move target, f - you Are you sure you want to cancel this blink? [Y]es or [N]o only, please.
Are you sure you want to cancel this blink?
Okay, then.
As you read the scroll labelled HYREJU MICET, it crumbles to dust.
It was a scroll of blinking.
As you read the scroll labelled PIQINIUPTO, it crumbles to dust.
The creatures around you are filled with an inner flame!
It was a scroll of immolation.
As you read the scroll labelled ZISISE RISHRI, it crumbles to dust.
It is a scroll of enchant weapon.
Your +0 war axe glows red for a moment.
You closely miss the scorpion.
You headbutt the scorpion, but do no damage.
You slash the hobgoblin!
The hobgoblin explodes!
The fiery explosion engulfs the ball python!!
The fiery explosion engulfs you!!
The ball python explodes!
You are engulfed in blazing flames.
* * * LOW HITPOINT WARNING * * *
You hear an angry hiss.
The scorpion stings you but does no damage.
You block the scorpion's attack.
You are engulfed in blazing flames.
You die...

#.... #...#
#...##
#####....
#.......###.#
+..........
#.#..§§§..#
.....§§@..#
....§§§§s.o....
....#####.###.#
... ... ) .$#
..# .# .#


You could see a scorpion (inner flame) and an orc (inner flame).

Vanquished Creatures
  4 adders
  A worm (D:2)
  9 orcs (D:3)
  4 ball pythons
  5 endoplasms
  4 giant cockroaches
  9 goblins
  9 hobgoblins
  4 kobolds
  A quokka (D:3)
  9 bats
  4 frilled lizards
  4 rats
  A spectral hobgoblin (D:2)
68 creatures vanquished.

Notes
Turn   | Place    | Note
-------+----------+-------------------------------------------
     0 | D:1      | GuildmasterMusic the Minotaur Fighter began the quest for
                  | the Orb.
     0 | D:1      | Reached XP level 1. HP: 19/19 MP: 0/0
   142 | D:1      | Reached XP level 2. HP: 27/27 MP: 1/1
   837 | D:2      | Found a faded altar of an unknown god.
   868 | D:2      | Reached XP level 3. HP: 30/31 MP: 2/2
  1618 | D:3      | Reached XP level 4. HP: 40/40 MP: 3/3
  1932 | D:3      | Found Kares's General Store.
  2382 | D:4      | Noticed a scorpion
  2387 | D:4      | Engulfed by a cloud of flame

Illustrated notes

Levels and vault maps discovered:
D:1:      minmay_arrival_open_corners, layout_loops_ring
D:2:      layout_loops_corners, dreamdust_ecumenical_altar_drowned_temple
D:3:      layout_loops_cross, portal_sewer_entry_d, serial_shops,
          nicolae_shop_advertising_works [nicolae_subvault_shop_adworks],
          hangedman_glass_teeth
D:4:      layout_basic, zin_treasury, grunt_temple_overflow_open,
          minmay_temple_entry_poolview, ebering_ghost_sewer_f, grunt_tough_drop

Skill      XL: |  1  2  3  4 |
---------------+-------------+-----
Axes           | 3 4 |  4.3
Shields        | 4 |  4.4
Fighting       | 4 |  4.4
Armour         | 4 |  4.4

Action                     |  1- 3 |  4- 6 || total
---------------------------+-------+-------++-------
  Melee: War axe           |   113 |    58 ||   171
         Headbutt          |     7 |     7 ||    14
    Use: Scroll            |       |     3 ||     3
 Armour: Scale mail        |    30 |       ||    30
         Chain mail        |    46 |    44 ||    90
  Dodge: Dodged            |    43 |    15 ||    58
  Block: Buckler           |    27 |    14 ||    41

Table legend: (Time is in decaauts)
 A = Elapsed time spent in this place.
 B = Non-inter-level travel time spent in this place.
 C = Inter-level travel time spent in this place.
 D = Time resting spent in this place.
 E = Time spent auto-exploring this place.
 F = Levels seen in this place.
 G = Mean time per level.
                   A        B        C        D        E       F      G
               +--------+--------+--------+--------+--------+-----+--------+
         Total |   2458 |   2358 |    100 |      0 |   1876 |   4 |  614.5 |
       Dungeon |   2458 |   2358 |    100 |      0 |   1876 |   4 |  614.5 |
               +--------+--------+--------+--------+--------+-----+--------+

Top non-repeatable levels by time:
     D:2: 893 daAuts
     D:3: 873 daAuts
     D:1: 685 daAuts
     D:4: 5 daAuts
